 Dungeon Crawl Stone Soup version 0.23-a0-54-gae6112e (webtiles) character file.

45 Amnesiac the Conjurer (level 3, -10/24 HPs)
             Began as a Mummy Conjurer on Aug 8, 2018.
             Killed by divine providence
             ... invoked by an orc priest
              (14 damage)
             ... on level 3 of the Dungeon.
             The game lasted 00:01:30 (518 turns).

Amnesiac the Conjurer (Mummy Conjurer)               Turns: 518, Time: 00:01:31

Health: -10/24     AC:  2    Str: 11    XL:     3   Next: 42%
Magic:  1/8        EV: 12    Int: 15    God:
Gold:   11         SH:  0    Dex: 12    Spells: 6/9 levels left

rFire    x . .     SeeInvis .   a - +3 hand axe
rCold    + . .     Gourm    .   (no shield)
rNeg     + + +     Faith    .   c - +0 robe
rPois    ∞         Spirit   .   (no helmet)
rElec    .         Reflect  .   (no cloak)
rCorr    .         Harm     .   (no gloves)
MR       .....                  (no boots)
Stlth    ++........             (no amulet)
HPRegen  0.08/turn              (no ring)
MPRegen  0.11/turn              (no ring)

@: no status effects
A: no food or potions, fire vulnerability, cold resistance 1, negative energy
resistance 3, torment resistance, unbreathing
a: no special abilities


You were on level 3 of the Dungeon.
You were not hungry.

You visited 1 branch of the dungeon, and saw 3 of its levels.

You collected 11 gold pieces.

Inventory:

Hand Weapons
 a - a +3 hand axe (weapon)
Armour
 c - a +0 robe (worn)


   Skills:
 - Level 1.5 Dodging
 - Level 1.5 Stealth
 + Level 3.7 Spellcasting
 * Level 3.9 Conjurations


You had 6 spell levels left.
You knew the following spells:

 Your Spells              Type           Power        Failure   Level  Hunger
a - Magic Dart            Conj           ##..         3%          1    N/A
d - Searing Ray           Conj           ##....       5%          2    N/A

Your spell library contained the following spells:

 Spells                   Type           Power        Failure   Level  Hunger
 Iskenderun's Mystic Bla  Conj           ##......     36%         4    N/A
 Fulminant Prism          Conj/Hex       #.........   63%         4    N/A
 Dazzling Spray           Conj/Hex       #.....       24%         3    N/A
 Force Lance              Conj/Tloc      #.......     63%         4    N/A

Dungeon Overview and Level Annotations

Branches:
Dungeon (3/15)

Altars:


Innate Abilities, Weirdness & Mutations

You do not eat or drink.
Your flesh is vulnerable to fire.
You are immune to poison.
Your flesh is cold resistant. (rC+)
You are immune to negative energy. (rN+++)
You are immune to unholy pain and torment.
You can survive without breathing.


Message History

An orc wizard comes into view. It is wielding a dagger.
An orc wizard is nearby!
An orc wizard is nearby!
An orc wizard is nearby!
Casting: Magic Dart (safe; 4% risk of failure)
Confirm with . or Enter, or press ? or * to list all spells.
Aiming: Searing Ray (safe; 7% risk of failure)
Press: ? - help, Shift-Dir - straight line, f - orc wizard
Aim: an orc wizard, wielding a dagger and wearing a robe (hasn't noticed you)
The searing ray hits the orc wizard.
The orc wizard is lightly wounded.
The orc wizard shouts! (Press . to maintain the ray.)
You hear a shout!
The orc wizard gestures wildly while chanting.
The orc wizard blinks!
The orc wizard hits you with a dagger.
Casting: Searing Ray (safe; 7% risk of failure)
Confirm with . or Enter, or press ? or * to list all spells.
Aiming: Searing Ray (safe; 7% risk of failure)
Press: ? - help, Shift-Dir - straight line, f/p - orc wizard
Aim: an orc wizard, wielding a dagger and wearing a robe (lightly wounded)
The searing ray hits the orc wizard.
The orc wizard is heavily wounded. (Press . to maintain the ray.)
The orc wizard hits you with a dagger.
The searing ray hits the orc wizard.
The orc wizard is heavily wounded.
The orc wizard casts a spell.
The orc wizard seems to speed up.
You hear a shout!
You closely miss the orc wizard.
The orc wizard is heavily wounded.
The orc wizard barely misses you.
An orc priest comes into view. It is wielding a hand axe.
The orc wizard hits you but does no damage.
You barely miss the orc wizard.
The orc wizard is heavily wounded.
You barely miss the orc priest. The orc wizard hits you with a dagger.
The orc wizard misses you.
The orc priest hits you with a hand axe.
You barely miss the orc wizard.
The orc wizard is heavily wounded.
You barely miss the orc priest.
The orc wizard gestures at you while chanting.
The magic dart hits you!
* * * LOW HITPOINT WARNING * * *
The orc priest barely misses you. The orc wizard misses you.
You slash the orc wizard!
You kill the orc wizard!
You have reached level 3!
Your experience leads to an increase in your attributes!
Increase (S)trength, (I)ntelligence, or (D)exterity?
You feel clever.
You closely miss the orc priest.
The orc priest hits you with a hand axe.
* * * LOW HITPOINT WARNING * * *
You aren't carrying any scrolls.
You hit the orc priest.
The orc priest is lightly wounded.
The orc priest invokes the aid of Beogh against you.
Beogh smites you!
Ouch! That really hurt!
You die...

.. .. ###.
#### ... ..#
#.###o#
##.###...#@#
.......#.#)#
#.........#
#####.#.###
#.#.# #o#.#
#.#.# ....#
#.# #.###


You could see an orc priest.

Vanquished Creatures
  An orc wizard (D:3)
  A leopard gecko (D:2)
  An orc (D:3)
  A giant cockroach (D:2)
  A hobgoblin (D:2)
  3 kobolds
  10 frilled lizards
  A rat (D:3)
19 creatures vanquished.

Notes
Turn   | Place    | Note
-------+----------+-------------------------------------------
     0 | D:1      | Amnesiac the Mummy Conjurer began the quest for the Orb.
     0 | D:1      | Reached XP level 1. HP: 13/13 MP: 4/4
   141 | D:3      | Noticed a howler monkey
   274 | D:2      | Reached XP level 2. HP: 19/19 MP: 4/6
   297 | D:2      | Learned a level 2 spell: Searing Ray
   517 | D:3      | Reached XP level 3. HP: 8/24 MP: 0/8
   518 | D:3      | Killed from afar by an orc priest

Vault maps used:
D:1:      scummos_arrival_simple_fountains, lemuel_old_faithful
D:2:      minmay_door_path, minmay_lizard_king
D:3:      nemelex_dance_club_becter

Skill      XL: |  1 |
---------------+----+-----
Spellcasting   | 3 |  3.7
Dodging        | |  1.5
Stealth        | |  1.5
Conjurations   | |  3.9

Action                   || total
-------------------------++-------
Melee: Hand axe          ||     7
       Mace              ||     3
 Cast: Magic Dart        ||    30
       Searing Ray       ||     2
Armor: Robe              ||     1
Dodge: Dodged            ||    19

Table legend:
 A = Spawn XP
 B = Non-spawn XP
 C = Spawn XP percentage of total XP
 D = Spawn monster count
 E = Non-spawn monster count
 F = Spawn count percentage of total count
 G = Total turns spent on level
                    A         B        C        D         E        F      G
               +---------+---------+-------+---------+---------+-------+---------
         Total |       0 |      65 |   0.0 |       0 |      19 |   0.0 |   518
               +---------+---------+-------+---------+---------+-------+---------
           D:1 |       0 |       3 |   0.0 |       0 |       2 |   0.0 |   109
           D:2 |       0 |      17 |   0.0 |       0 |      13 |   0.0 |   317
           D:3 |       0 |      45 |   0.0 |       0 |       4 |   0.0 |    92
               +---------+---------+-------+---------+---------+-------+---------
